 Dungeon Crawl Stone Soup version 0.28-a0-239-g68911e0c57 (webtiles) character file.

Game seed: 14937384894021375800

94 Froggeryz the Cutter (level 4, 0/31 HPs)
             Began as an Octopode Berserker on Aug 23, 2021.
             Was a Believer of Trog.
             Slain by an adder (4 damage)
             ... on level 2 of the Dungeon.
             The game lasted 00:01:30 (1643 turns).

Froggeryz the Cutter (Octopode Berserker)           Turns: 1643, Time: 00:01:30

Health: 0/31       AC:  1    Str: 16    XL:     4   Next: 63%
Magic:  4/4        EV: 13    Int:  9    God:    Trog [**....]
Gold:   25         SH:  0    Dex: 12    Spells: 3/3 levels left

rFire   . . .      SeeInvis .   c - +0 dagger (venom)
rCold   . . .      Faith    .   (no shield)
rNeg    . . .      Spirit   .   (helmet restricted)
rPois   .          Reflect  .   (no amulet)
rElec   .          Harm     .   (no ring)
rCorr   .          Rampage  .   (no ring)
Will    ++...                   (no ring)
Stlth   +++.......              (no ring)
HPRegen 1.10/turn               (no ring)
MPRegen 0.09/turn               (no ring)
                                (no ring)
                                (no ring)

@: lethally poisoned (0 -> -2), strong-willed, regenerating
A: almost no armour, amphibious, 8 rings, camouflage 1, gelatinous body 1,
(nimble swimmer 1), tentacles
a: Renounce Religion, Berserk, Trog's Hand


You were on level 2 of the Dungeon.
You worshipped Trog.
Trog was pleased with you.
You visited 1 branch of the dungeon, and saw 2 of its levels.

You collected 25 gold pieces.

Inventory:

Hand Weapons
 a - a +0 hunting sling
 c - a +0 dagger of venom (weapon)
Missiles
 b - 61 stones (quivered)
Scrolls
 d - a scroll of blinking {unknown}
 f - a scroll of identify {unknown}
Potions
 e - a potion of curing {unknown}


   Skills:
 - Level 3.0 Fighting
 * Level 4.6 Short Blades
 - Level 3.0 Dodging
 + Level 3.2 Stealth


You had 3 spell levels left.
You didn't know any spells.
Your spell library was empty.

Dungeon Overview and Level Annotations

Branches:
Dungeon (2/15)

Altars:


Innate Abilities, Weirdness & Mutations

You cannot wear most types of armour.
You are amphibious.
You can wear up to eight rings at the same time.
Your skin changes colour to match your surroundings (Stealth+).
Your rubbery body absorbs attacks. (AC +1, EV +1)
((You are camouflaged near water. (Stealth+)))
You have tentacles for arms and can constrict up to eight enemies at once.


Message History

You are no longer poisoned.
An adder comes into view.
An adder is nearby!
An adder is nearby!
You are too injured to fight recklessly!
You start resting.
An adder is nearby!
You start resting.
An adder is nearby!
You start resting.
An adder is nearby!
An adder is nearby!
You start resting.
An adder is nearby!
You barely miss the adder.
The adder hisses angrily.
Your grab misses the adder. The adder completely misses you.
You hit the adder but do no damage.
The adder is poisoned.
Your grab misses the adder. The adder bites you.
You are poisoned.
The adder poisons you!
You hit the adder. Your grab misses the adder. Your squeeze misses the adder.
The adder is moderately wounded.
You feel sick. The adder misses you.
You barely miss the adder. Your grab misses the adder.
Your squeeze misses the adder.
The adder is moderately wounded.
The adder bites you.
* * * LOW HITPOINT WARNING * * *
You are lethally poisoned!
The adder poisons you!
You miss the adder. Your grab misses the adder.
The adder is moderately wounded.
* * * LOW HITPOINT WARNING * * *
You feel very sick. The adder closely misses you.
Your skin crawls.
You feel strong-willed.
You feel sick. The adder bites you.
You die...

#..# #..######.#... ##.#
###.# #.....#
####.###...######......
#........##...........#
##......###..###..##...#
#.......###...#...##....
#.##..#....?S.#...S.....
...##..S#####............
.........@.####........>..
#...##.#.#....#.......)...
. #....###.#...........
##..........†S.......
...#.#####..†........
.##.#.# ....$........
....##.##......... #.... #
..##...... .### .##..#


You could see an adder (poisoned).

Vanquished Creatures
  A gnoll (D:1)
  5 adders (D:2)
  A dart slug (D:1)
  4 bats
  4 endoplasms
  A giant cockroach (D:1)
  4 goblins
  5 hobgoblins
  2 jackals (D:2)
  A quokka (D:1)
  3 ball pythons
  3 kobolds
  4 rats (D:1)
38 creatures vanquished.

Notes
Turn   | Place    | Note
-------+----------+-------------------------------------------
     0 | D:1      | Froggeryz the Octopode Berserker began the quest for the
                  | Orb.
     0 | D:1      | Reached XP level 1. HP: 16/16 MP: 1/1
   172 | D:1      | Found a faded altar of an unknown god.
   250 | D:1      | Reached skill level 1 in Stealth
   327 | D:1      | Reached XP level 2. HP: 20/21 MP: 2/2
   656 | D:1      | Reached XP level 3. HP: 24/26 MP: 3/3
  1239 | D:2      | Reached skill level 4 in Short Blades
  1246 | D:2      | Reached ** piety under Trog
  1319 | D:2      | Reached XP level 4. HP: 31/31 MP: 4/4
  1643 | D:2      | Slain by an adder

Illustrated notes

Levels and vault maps discovered:
D:1:      lightli_molten_gateway, layout_basic,
          hellmonk_ecumenical_altar_arch_garden
D:2:      layout_rooms

Skill      XL: |  1  2  3  4 |
---------------+-------------+-----
Stealth        | 1 2 3 |  3.2
Short Blades   | 4 |  4.6
Fighting       | |  3.0
Dodging        | |  3.0

Action                   |  1- 3 |  4- 6 || total
-------------------------+-------+-------++-------
Melee: Short sword       |    11 |       ||    11
       Constrict         |    14 |     5 ||    19
       Tentacles         |     7 |     6 ||    13
       Dagger            |    39 |    30 ||    69
Invok: Trog's Hand       |       |     1 ||     1
 Stab: Sleeping          |    10 |     2 ||    12
Armor: Skin              |     4 |     1 ||     5
Dodge: Dodged            |    33 |    15 ||    48

Table legend: (Time is in decaauts)
 A = Elapsed time spent in this place.
 B = Non-inter-level travel time spent in this place.
 C = Inter-level travel time spent in this place.
 D = Time resting spent in this place.
 E = Time spent auto-exploring this place.
 F = Levels seen in this place.
 G = Mean time per level.
                   A        B        C        D        E       F      G
               +--------+--------+--------+--------+--------+-----+--------+
         Total |   1627 |   1589 |     38 |    118 |   1246 |   2 |  813.5 |
       Dungeon |   1627 |   1589 |     38 |    118 |   1246 |   2 |  813.5 |
               +--------+--------+--------+--------+--------+-----+--------+

Top non-repeatable levels by time:
     D:1: 1228 daAuts
     D:2: 399 daAuts
